 Dungeon Crawl Stone Soup version 0.29-a0-275-g389c0b56f3 (webtiles) character file.

Game seed: 1091143791869884300

3038 dracfodder the Firebug (level 9, -1/51 HPs)
             Began as a Gargoyle Fire Elementalist on Mar 12, 2022.
             Was an Initiate of Vehumet.
             Slain by a two-headed ogre
             ... wielding a +0 giant club
              (11 damage)
             ... on level 7 of the Dungeon.
             The game lasted 00:56:17 (10560 turns).

dracfodder the Firebug (GrFE)                      Turns: 10560, Time: 00:56:18

Health: -1/51      AC: 12    Str: 13    XL:     9   Next: 86%
Magic:  6/20       EV: 12    Int: 25    God:    Vehumet [......]
Gold:   954        SH:  4    Dex: 10    Spells: 12/22 levels left

rFire   + . .      SeeInvis .   b - staff of fire
rCold   . . .      Faith    .   (no shield)
rNeg    + . .      Spirit   .   d - +0 robe
rPois   ∞          Reflect  .   (no helmet)
rElec   +          Harm     .   s - +0 cloak
rCorr   .          Rampage  .   w - +0 pair of gloves
Will    .....                   (no boots)
Stlth   ++........              (no amulet)
HPRegen 0.17/turn               g - +6 ring of intelligence
MPRegen 0.17/turn               (no ring)

@: no status effects
A: sickness immunity, AC +6, negative energy resistance 1, electricity
resistance, torment resistance 1, petrification resistance, iridescent scales 1,
large bone plates 1, robust 1
a: Renounce Religion


You were on level 7 of the Dungeon.
You worshipped Vehumet.
Vehumet was noncommittal.
You visited 2 branches of the dungeon, and saw 8 of its levels.
You also visited: Sewer and Ossuary.

You collected 978 gold pieces.
You spent 24 gold pieces at shops.

Inventory:

Hand Weapons
 a - a +0 short sword
 o - a +0 hand crossbow
Missiles
 c - 215 stones
 e - 6 boomerangs
 m - 21 poisoned darts
Armour
 d - a +0 robe (worn)
 s - a +0 cloak (worn)
 w - a +0 pair of gloves (worn)
Magical Staves
 b - a staff of fire (weapon)
Jewellery
 g - a +6 ring of intelligence (left hand)
Wands
 k - a wand of paralysis (7)
 p - a wand of flame (39) (quivered)
Scrolls
 f - 3 scrolls of fog
 i - a scroll of identify
 q - a scroll of fear
 r - 5 scrolls of teleportation
Potions
 h - a potion of might
 j - a potion of haste
 l - a potion of experience {unknown}
 n - a potion of cancellation
 t - a potion of heal wounds
 u - a potion of curing


   Skills:
 + Level 1.2 Fighting
 + Level 0.6 Short Blades
 + Level 2.6 Staves
 + Level 0.2 Throwing
 + Level 3.1 Dodging
 + Level 4.1 Stealth
 + Level 0.5 Shields
 + Level 7.4 Spellcasting
 + Level 6.0 Conjurations
 + Level 7.7 Fire Magic
 * Level 1.4 Evocations


You had 12 spell levels left.
You knew the following spells:

 Your Spells              Type           Power      Damage    Failure   Level
a - Foxfire               Conj/Fire      100%       2x1d9     1%          1
b - Scorch                Fire           100%       2d10      1%          2
c - Conjure Flame         Conj/Fire      60%        6-21      1%          3
d - Flame Wave            Conj/Fire      60%        2d12      3%          4

Your spell library contained the following spells:

 Spells                   Type           Power      Damage    Failure   Level
 Inner Flame              Hex/Fire       42%        N/A       4%          3
 Animate Skeleton         Necr           18%        N/A       6%          1
 Pain                     Necr           36%        1d5       6%          1
 Vampiric Draining        Necr           9%         2d6       19%         3


Dungeon Overview and Level Annotations

Branches:
Dungeon (7/15)             Temple (1/1) D:5           Sewer (visited)
Ossuary (visited)

Altars:
Ashenzari
Cheibriados
Dithmenos
Elyvilon
Fedhas
Gozag
Hepliaklqana
Kikubaaqudgha
Makhleb
Nemelex Xobeh
Okawaru
Ru
Sif Muna
Trog
Uskayaw
Vehumet
Wu Jian
Xom
Yredelemnul
Zin
The Shining One

Shops:
D:3 !


Innate Abilities, Weirdness & Mutations

You are immune to sickness and miasma.
Your stone body is resilient. (AC +6)
You are immune to poison.
You resist negative energy. (rN+)
You are resistant to electric shocks. (rElec)
You are resistant to unholy torment.
You are immune to petrification.
You are partially covered in iridescent scales. (AC +2)
You are partially covered in large bone plates. (SH +4)
You are robust. (+10% HP)


Message History

You kill the lemure!
That felt strangely unrewarding.
The flame wave engulfs Pikel!
You kill Pikel!
Vehumet accepts your kill.
The flame wave engulfs the lemure!
The lemure is heavily wounded.
The flame wave engulfs the gnoll!
You kill the gnoll!
Vehumet accepts your kill.
The flame wave engulfs the two-headed ogre.
The two-headed ogre is lightly wounded.
You finish channelling waves of flame.
With Pikel's spell broken, his former minion thanks you for its freedom.
The lemure departs this earthly plane.
A bullfrog comes into view.
Your Conjurations skill increases to level 6!
Your Evocations skill increases to level 1!
Aiming: Throw Flame
Press: ? - help, Q - select action, (/) - cycle Shift-Dir - straight line, f - two-headed ogre
Aim: a two-headed ogre, wielding two +0 giant clubs (lightly wounded, 85% to hit)
The puff of flame hits the two-headed ogre!
The two-headed ogre is moderately wounded.
Aiming: Throw Flame
Press: ? - help, Q - select action, (/) - cycle Shift-Dir - straight line, f/p - two-headed ogre
Aim: a two-headed ogre, wielding two +0 giant clubs (moderately wounded, 85% to hit)
The puff of flame hits the two-headed ogre but does no damage.
The two-headed ogre is moderately wounded.
The two-headed ogre hits you with a +0 giant club!!
* * * LOW HITPOINT WARNING * * *
You block the two-headed ogre's attack.
You feel much better.
Casting: Flame Wave (dangerous; 3% risk of failure)
Confirm with . or Enter, or press ? or * to list all spells.
You feel a surge of power!
Flames lash the two-headed ogre.
The two-headed ogre is moderately wounded.
The two-headed ogre's fire resistance burns away.
The two-headed ogre hits you with a +0 giant club!!
* * * LOW HITPOINT WARNING * * *
The two-headed ogre hits you with a +0 giant club!
You die...

,,,,,,*
*,,,,,##,#.###.#
,*,****
*,,,,,#.###....#
*,,,*
#,,,,,*#.#.#####
,,,** #.,,,,**#.##
*,** *..,,,* #.# *,*
***#.###*#.# *,*
*,,,,...*#.#
*,******,*#.##.##.##
*,*,,,**,*#..)FO@..#
*,,,*,**.....).##..#
****
,,,,,,*,.....).,...#
*,,,
**,***,,....).)*##.#
*,** ,,**
**,.#.....,,,.# *,,,
*,* *,....#..***##
*******,** ,,**
**,.##.#.?*
*,,,,,*,,,
,,,***,,,,.,...*
*,*,,,,,,,
*,*,,,*****,****
****,*,*,*,**


You could see a two-headed ogre (combustible) and a bullfrog.

Vanquished Creatures
  Pikel (D:7)
  The ghost of seaofthunder the Skirmisher, a novice HOFi (D:4)
  Sigmund (D:2)
  An ogre (D:5)
  A centaur (D:5)
  3 lemures (D:7)
  A phantom (D:5)
  4 kobold brigands
  4 elf zombies
  3 elf skeletons (D:4)
  A scorpion (D:5)
  6 centaur zombies (Ossuary)
  2 jellies (D:5)
  6 human zombies
  3 hounds
  An orc priest (D:3)
  Natasha (thrice) (D:3)
  A human skeleton (D:4)
  Jessica (D:2)
  An iguana (D:5)
  Terence (D:3)
  An orc wizard (D:5)
  3 mummies (Ossuary)
  7 gnolls
  8 adders
  A river rat (D:3)
  3 white imps (D:5)
  An ufetubus (D:5)
  5 worms
  3 dart slugs
  14 orcs
  8 ball pythons
  12 endoplasms
  7 giant cockroaches
  4 hobgoblins
  11 jackals (D:1)
  17 kobolds
  7 quokkas
  6 bats
  3 frilled lizards (D:1)
  4 goblins
  3 orc zombies (D:4)
  16 rats
190 creatures vanquished.

Vanquished Creatures (others)
  440 foxfires
  2 plants (D:5)
442 creatures vanquished.

Grand Total: 632 creatures vanquished

Notes
Turn   | Place    | Note
-------+----------+-------------------------------------------
     0 | D:1      | dracfodder the Gargoyle Fire Elementalist began the quest
                  | for the Orb.
     0 | D:1      | Reached XP level 1. HP: 10/10 MP: 3/3
   331 | D:1      | Reached XP level 2. HP: 7/15 MP: 5/5
  1100 | D:1      | Learned a level 2 spell: Scorch
  1142 | D:1      | Reached XP level 3. HP: 19/19 MP: 4/6
  1146 | D:1      | Learned a level 3 spell: Conjure Flame
  1722 | D:1      | Found a faded altar of an unknown god.
  2273 | D:2      | Identified a scroll of acquirement
  2273 | D:2      | Acquired 660 gold pieces
  2351 | D:2      | Noticed Sigmund
  2358 | D:2      | Killed Sigmund
  2359 | D:2      | Reached skill level 1 in Staves
  2359 | D:2      | Reached XP level 4. HP: 24/24 MP: 2/8
  2359 | D:2      | Reached XP level 5. HP: 28/28 MP: 2/9
  2505 | D:3      | Found a glowing drain.
  2563 | Sewer    | Entered a sewer
  2649 | Sewer    | Reached XP level 6. HP: 33/33 MP: 8/10
  3298 | Sewer    | Reached XP level 7. HP: 37/37 MP: 7/12
  3546 | D:3      | Noticed Terence
  3556 | D:3      | Learned a level 4 spell: Flame Wave
  3573 | D:3      | Killed Terence
  3815 | D:3      | Noticed Natasha
  3826 | D:3      | Killed Natasha
  3994 | D:3      | Noticed Natasha
  3997 | D:3      | Killed Natasha
  4358 | D:2      | Found a blossoming altar of Fedhas.
  4358 | D:2      | Noticed Jessica
  4362 | D:2      | Killed Jessica
  4363 | D:2      | Reached skill level 5 in Fire Magic
  4437 | D:2      | Learned a level 4 spell: Flame Wave
  5752 | D:4      | Found a sand-covered staircase.
  5758 | Ossuary  | Entered an ossuary
  5803 | Ossuary  | Reached XP level 8. HP: 38/42 MP: 1/14
  5926 | Ossuary  | Reached skill level 5 in Spellcasting
  6352 | D:4      | Reached skill level 1 in Fighting
  7224 | D:4      | Identified the +9 mace of the Median {vorpal, *Rage rN+++
                  | Will+++ Int-2}
  7224 | D:4      | Identified the +6 scale mail of Adanasue {Rampage rF+}
  7328 | D:3      | Noticed Natasha
  7331 | D:3      | Killed Natasha
  7544 | D:3      | Found Kohiefer's Distillery.
  7547 | D:3      | Bought 2 potions of degeneration for 24 gold pieces
  7802 | D:4      | Reached XP level 9. HP: 47/47 MP: 15/18
  7851 | D:5      | Entered Level 5 of the Dungeon
  8152 | D:4      | Found a shimmering altar of Xom.
  8176 | D:4      | Found a burning altar of Makhleb.
  8457 | D:4      | Found a runed translucent door.
  8643 | D:4      | Noticed seaofthunder's ghost (novice HOFi)
  8663 | D:4      | Killed seaofthunder's ghost
  8664 | D:4      | Reached skill level 5 in Conjurations
  8925 | D:5      | Gained mutation: You are partially covered in iridescent
                  | scales. (AC +2) [potion of mutation]
  8925 | D:5      | Gained mutation: You are partially covered in large bone
                  | plates. (SH +4) [potion of mutation]
  8925 | D:5      | Gained mutation: You are robust. (+10% HP) [potion of
                  | mutation]
  9100 | D:5      | Found a staircase to the Ecumenical Temple.
  9184 | Temple   | Entered the Ecumenical Temple
  9474 | Temple   | Became a worshipper of Vehumet
 10351 | D:5      | Found a sparkling altar of Nemelex Xobeh.
 10547 | D:7      | Identified the +7 scythe of the Open Hand {flame, rElec
                  | Will+ rCorr Int+4}
 10547 | D:7      | Noticed Pikel
 10549 | D:7      | Noticed a two-headed ogre
 10555 | D:7      | Killed Pikel
 10556 | D:7      | Reached skill level 1 in Evocations
 10560 | D:7      | Slain by a two-headed ogre

Illustrated notes

Levels and vault maps discovered:
D:1:      minmay_arrival_shattered_statue, layout_loops_ring,
          ebering_ecumenical_altar_ruins
D:2:      layout_basic, basic_altar, kennysheep_doodads, uniq_sigmund,
          uniq_jessica
D:3:      layout_rooms, portal_sewer_entry_b, serial_shops,
          nicolae_shop_behind_doors, uniq_terence, uniq_natasha
D:4:      layout_cave_pools, bloody_makhleb, mainiacjoe_overflow_24_doors,
          nicolae_ossuary_entry_catacombs, ebering_ghost_reflecting_pool,
          kennysheep_generic_room_16
D:5:      minmay_general_purpose_star, layout_gridville, pf_just_have_faith,
          minmay_temple_entry_overgrown
D:6:      layout_loops_ring, minivault_1, uniq_maggie, uniq_grinder
D:7:      layout_loops_cross, enter_bailey_2, uniq_pikel
Temple:   dpeg_five_rooms_temple

Skill      XL: |  1  2  3  4  5  6  7  8  9 |
---------------+----------------------------+-----
Staves         | 1 2 |  2.6
Dodging        | 2 3 |  3.1
Spellcasting   | 3 4 6 7 |  7.4
Conjurations   | 2 3 4 6 |  6.0
Fire Magic     | 4 5 6 7 |  7.7
Stealth        | 3 4 |  4.1
Fighting       | 1 |  1.2
Evocations     | 1 |  1.4
Short Blades   | |  0.6
Throwing       | |  0.2
Shields        | |  0.5

Action                   |  1- 3 |  4- 6 |  7- 9 || total
-------------------------+-------+-------+-------++-------
Melee: Short sword       |    44 |       |       ||    44
       Unarmed           |     1 |       |       ||     1
       Staff             |     8 |     8 |    56 ||    72
       Punch             |       |       |     1 ||     1
Throw: Stone             |     3 |       |       ||     3
       Dart              |       |     1 |     1 ||     2
 Cast: Foxfire           |    55 |    39 |   165 ||   259
       Conjure Flame     |     2 |       |     1 ||     3
       Scorch            |       |     1 |    62 ||    63
       Flame Wave        |       |       |    13 ||    13
Evoke: Wand              |       |       |     2 ||     2
  Use: Scroll            |     1 |       |    14 ||    15
       Potion            |     1 |       |     6 ||     7
 Stab: Sleeping          |     1 |       |       ||     1
Armor: Robe              |    25 |     3 |    54 ||    82
Dodge: Dodged            |    54 |     4 |    74 ||   132
Block: Other             |       |       |     6 ||     6

Table legend: (Time is in decaauts)
 A = Elapsed time spent in this place.
 B = Non-inter-level travel time spent in this place.
 C = Inter-level travel time spent in this place.
 D = Time resting spent in this place.
 E = Time spent auto-exploring this place.
 F = Levels seen in this place.
 G = Mean time per level.
                   A        B        C        D        E       F      G
               +--------+--------+--------+--------+--------+-----+--------+
         Total |  10774 |  10498 |    276 |   4095 |   4273 |  10 | 1077.4 |
       Dungeon |   8790 |   8596 |    194 |   3542 |   3618 |   7 | 1255.7 |
        Temple |    346 |    264 |     82 |      0 |    248 |   1 |  346.0 |
         Sewer |   1163 |   1163 |      0 |    271 |    407 |   1 | 1163.0 |
       Ossuary |    473 |    473 |      0 |    282 |      0 |   1 |  473.0 |
               +--------+--------+--------+--------+--------+-----+--------+

Top non-repeatable levels by time:
     D:4: 2232 daAuts
     D:1: 2017 daAuts
     D:2: 1881 daAuts
     D:5: 1366 daAuts
     D:3: 1245 daAuts
   Sewer: 1163 daAuts
 Ossuary: 473 daAuts
  Temple: 346 daAuts
     D:7: 39 daAuts
     D:6: 6 daAuts
